 Dungeon Crawl Stone Soup version 0.28.0-53-g5a82cb258f (webtiles) character file.

Game seed: 7579617319758485789

807 mcbry74 the Cleaver (level 7, -3/53 (57) HPs)
             Began as a Hill Orc Fighter on June 25, 2022.
             Was a Follower of Okawaru.
             Killed by divine providence
             ... invoked by an orc priest
              (13 damage)
             ... on level 5 of the Dungeon.
             The game lasted 00:12:13 (5534 turns).

mcbry74 the Cleaver (Hill Orc Fighter)              Turns: 5534, Time: 00:12:14

HP:   -3/53 (57)    AC: 13    Str: 19    XL:     7   Next: 92%
MP:   7/7           EV:  7    Int: 10    God:    Okawaru [*.....]
Gold: 163           SH:  0    Dex: 10    Spells: 6/6 levels left

rFire   . . .      SeeInvis .   a - +0 war axe
rCold   . . .      Faith    .   c - +0 buckler
rNeg    . . .      Spirit   .   y - +0 chain mail
rPois   .          Reflect  .   (no helmet)
rElec   .          Harm     .   (no cloak)
rCorr   .          Rampage  .   w - +1 pair of gloves
Will    .....                   t - +0 pair of boots
Stlth   ..........              (no amulet)
HPRegen 0.17/turn               (no ring)
MPRegen 0.10/turn               (no ring)

@: confused, attractive, hasted, drained, very quick
A: no striking features
a: Renounce Religion, Convert to Beogh, Heroism


You were on level 5 of the Dungeon.
You worshipped Okawaru.
Okawaru was aware of your devotion.
You visited 1 branch of the dungeon, and saw 6 of its levels.

You collected 163 gold pieces.

Inventory:

Hand Weapons
 a - a +0 war axe (weapon)
Missiles
 d - 5 poisoned darts (quivered)
 s - 56 sling bullets
Armour
 b - a +0 scale mail
 c - a +0 buckler (worn)
 q - the +1 robe of Bethroifi {rElec Stlth+}
   (You found it on level 2 of the Dungeon)

   rElec:     It insulates you from electricity.
   Stlth:     It makes you more stealthy.
 t - a +0 pair of boots (worn)
 w - a +1 pair of gloves (worn)
 y - a +0 chain mail (worn)
Jewellery
 h - a +6 ring of strength
 r - a ring of protection from fire
Wands
 k - a wand of flame (23)
 A - a wand of paralysis (5)
Scrolls
 e - 8 scrolls of identify {unknown}
 f - a scroll of teleportation {unknown}
 i - a scroll of torment {unknown}
 j - 3 scrolls of immolation
 n - a scroll of fog {unknown}
 p - a scroll of enchant armour {unknown}
 x - 2 scrolls of blinking {unknown}
Potions
 g - 2 potions of attraction
 m - a potion of flight
 o - 2 potions of curing
 u - a potion of heal wounds {unknown}
 v - a potion of berserk rage {unknown}
 z - a potion of resistance {unknown}


   Skills:
 - Level 3.6 Fighting
 * Level 10.2 Axes
 + Level 4.5 Armour
 + Level 4.5 Shields


You had 6 spell levels left.
You didn't know any spells.
Your spell library contained the following spells:

 Spells                   Type           Power      Damage    Failure   Level
 Blink                    Tloc           0%         N/A       100%        2
 Ensorcelled Hibernation  Hex/Ice        0%         N/A       100%        2
 Lesser Beckoning         Tloc           0%         N/A       100%        3
 Spider Form              Tmut/Pois      0%         N/A       100%        3
 Anguish                  Hex/Necr       0%         N/A       100%        4
 Manifold Assault         Tloc           0%         N/A       100%        5


Dungeon Overview and Level Annotations

Branches:
Dungeon (6/15)
 Temple: D:4-7

Altars:
Ashenzari
Dithmenos
Elyvilon
Okawaru
Sif Muna

Annotations:
D:4 1 runed translucent door, hitsuchi's ghost, novice TeAE


Message History

You feel attractive to monsters.
You hit something but do no damage. Something hits you but does no damage.
You bump into the rock wall.
Something hits you but does no damage.
You hit something. Something hits you but does no damage.
You bump into the rock wall.
You hear some strange, mumbled words.
You are more confused.
You bump into the rock wall.
You hear some strange, mumbled words.
A puff of flame appears from out of thin air!
The puff of flame misses you.
You're too confused to move!
Something hits you.
* * * LOW HITPOINT WARNING * * *
You are too confused!
You are too confused!
You are too confused!
You're too confused to move!
Something hits you.
* * * LOW HITPOINT WARNING * * *
You bump into the rock wall.
Something hits you but does no damage.
You're too confused to move!
Something hits you but does no damage.
You bump into the rock wall.
You hear some strange, mumbled words.
A magic dart appears from out of thin air!
The magic dart hits you but does no damage.
You bump into the rock wall.
Something hits you but does no damage.
You feel better.
You hear some strange, mumbled words.
You are confused.
The orc priest calls down the wrath of Beogh upon you.
It was a potion of haste.
You feel yourself speed up. Something hits you but does no damage.
The orc priest looks encouraged for a moment.
You hit something. Okawaru accepts your kill.
Reactivating autopickup.
You feel a bit more experienced.
You miss the orc.
The orc priest calls down the wrath of Beogh upon you.
Beogh smites you!
You die...

###.# #.# #.# ##..§§§### ###.#
#.# #.# ##§§§.§§.## ....# #.# #(#
###§§§§..§§§# ##### #.# #.#
#...§.....§.. #.# #o#
#......_..§.. #### ##.# #o#
#.....§§.§§.. ...# #..# #.#
#.#.§§§..§§.# ##.# #.##
#.######.##§§§.§§.##
##.###.#######oo@.....###.§.§§###
............##############...####
...###<####.# ###......#...
...###.####.## #...#.#####..
.............# #...#.# ##.
...###.#.....# #>..#.# #. #..#
#.#.###.# ##.##.## #. #..# #.#.#
#.#.#.#####. #..###.#.#
#..###......


You could see an orc priest and an orc.

Vanquished Creatures
  2 ogres
  A phantom (D:5)
  A scorpion (D:5)
  2 wights (D:6)
  3 hounds
  2 orc priests (D:4)
  A scorpion zombie (D:5)
  5 orc wizards
  A hound skeleton (D:4)
  A gnoll (D:1)
  2 adders (D:3)
  A worm (D:3)
  A dart slug (D:1)
  8 orcs
  11 ball pythons
  2 bats
  7 endoplasms
  A giant cockroach (D:3)
  9 hobgoblins
  10 jackals
  4 quokkas
  A frilled lizard (D:3)
  8 goblins
  6 kobolds
  23 rats
113 creatures vanquished.

Notes
Turn   | Place    | Note
-------+----------+-------------------------------------------
     0 | D:1      | mcbry74 the Hill Orc Fighter began the quest for the Orb.
     0 | D:1      | Reached XP level 1. HP: 19/19 MP: 1/1
   287 | D:1      | Reached skill level 3 in Axes
   399 | D:1      | Reached XP level 2. HP: 26/26 MP: 2/2
   785 | D:1      | Found a faded altar of an unknown god.
   871 | D:1      | Prayed at the altar of an unknown god.
   871 | D:1      | Became a worshipper of Sif Muna the Loreminder
   871 | D:1      | Reached * piety under Sif Muna
  1248 | D:2      | Reached XP level 3. HP: 31/31 MP: 3/3
  1413 | D:2      | Reached skill level 4 in Axes
  1536 | D:2      | Identified the +1 robe of Bethroifi {rElec Stlth+}
  1732 | D:3      | Reached ** piety under Sif Muna
  1752 | D:3      | Reached XP level 4. HP: 29/39 MP: 4/4
  2072 | D:3      | Found a broken altar of Ashenzari.
  2447 | D:3      | Reached skill level 5 in Axes
  2735 | D:4      | Reached XP level 5. HP: 16/45 MP: 5/5
  3065 | D:4      | Found a white marble altar of Elyvilon.
  3090 | D:4      | Reached skill level 6 in Axes
  3237 | D:4      | Reached skill level 7 in Axes
  3237 | D:4      | Reached XP level 6. HP: 40/51 MP: 6/6
  3364 | D:4      | Reached skill level 8 in Axes
  3368 | D:4      | Reached *** piety under Sif Muna
  3779 | D:4      | Found a runed translucent door.
  3779 | D:4      | Noticed hitsuchi's ghost (novice TeAE)
  3947 | D:4      | Found an iron altar of Okawaru.
  3969 | D:4      | Fell from the grace of Sif Muna
  3969 | D:4      | Became a worshipper of Warmaster Okawaru
  4226 | D:5      | Entered Level 5 of the Dungeon
  4305 | D:5      | Reached skill level 9 in Axes
  4305 | D:5      | Reached XP level 7. HP: 45/57 MP: 7/7
  4713 | D:5      | Found a shadowy altar of Dithmenos.
  5357 | D:6      | Reached skill level 10 in Axes
  5501 | D:5      | Reached * piety under Okawaru
  5534 | D:5      | Killed from afar by an orc priest

Illustrated notes

Levels and vault maps discovered:
D:1:      nzn_arrival_settlement, layout_loops_corners, serial_forest,
          infiniplex_forest_end_3, infiniplex_forest_lined_4_way,
          infiniplex_forest_clump_curved, infiniplex_forest_straight_3,
          infiniplex_forest_straight_3, ebering_ecumenical_altar_mist
D:2:      layout_basic, solitary_fountain
D:3:      layout_loops_ring, mainiacjoe_overflow_chevrons,
          kennysheep_generic_room_15
D:4:      layout_rooms, okawaru_ov_weapons_minmay, elyvilon_altar_1,
          ebering_ghost_inner_flame, grunt_decor_arrowhead, minmay_rat_hole
D:5:      layout_loops_ring, nicolae_dithmenos_the_darkroom, uniq_grinder
D:6:      layout_basic, hex_large

Skill      XL: |  1  2  3  4  5  6  7 |
---------------+----------------------+-----
Axes           | 3 4 5 7 9 10 | 10.2
Armour         | 4 |  4.5
Shields        | 4 |  4.5
Fighting       | |  3.6

Action                   |  1- 3 |  4- 6 |  7- 9 || total
-------------------------+-------+-------+-------++-------
Melee: War axe           |    88 |   164 |    64 ||   316
  Use: Potion            |       |     3 |     3 ||     6
Armor: Scale mail        |    43 |    68 |     3 ||   114
       Chain mail        |       |       |    33 ||    33
Dodge: Dodged            |    52 |    69 |    17 ||   138
Block: Buckler           |    20 |    24 |     9 ||    53
